 Dungeon Crawl Stone Soup version 0.27-a0-423-gf312af23e9 (webtiles) character file.

Game seed: 9825688890396531845

63 porpoise the Skirmisher (level 4, -10/41 HPs)
             Began as a Hill Orc Fighter on Feb 27, 2021.
             Mangled by Sigmund
             ... wielding a +0 scythe
              (12 damage)
             ... on level 2 of the Dungeon.
             The game lasted 00:04:11 (1560 turns).

porpoise the Skirmisher (Hill Orc Fighter)          Turns: 1560, Time: 00:04:12

Health: -10/41     AC:  6    Str: 19    XL:     4   Next: 10%
Magic:  4/4        EV:  7    Int:  8    God:
Gold:   90         SH:  0    Dex: 10    Spells: 3/3 levels left

rFire    . . .     SeeInvis .   a - +0 war axe
rCold    . . .     Faith    .   c - +0 kite shield
rNeg     . . .     Spirit   .   h - +0 scale mail
rPois    .         Reflect  .   (no helmet)
rElec    .         Harm     .   (no cloak)
rCorr    .         Rampage  .   (no gloves)
Will     .....                  (no boots)
Stlth    ..........             (no amulet)
HPRegen  0.13/turn              (no ring)
MPRegen  0.09/turn              (no ring)

@: confused, mighty
A: no striking features
a: no special abilities


You were on level 2 of the Dungeon.
You visited 1 branch of the dungeon, and saw 2 of its levels.

You collected 90 gold pieces.

Inventory:

Hand Weapons
 a - a +0 war axe (weapon)
 b - a +0 hunting sling
Missiles
 g - 19 sling bullets
 m - 35 stones (quivered)
Armour
 c - a +0 kite shield (worn)
 h - a +0 scale mail (worn)
Scrolls
 e - 2 scrolls of teleportation {unknown}
 f - a scroll of magic mapping {unknown}
 l - a scroll of identify {unknown}
Potions
 i - 2 potions of attraction {unknown}
 j - a potion of lignification {unknown}
 k - 2 potions of curing {unknown}
 n - a potion of haste {unknown}
 o - a potion of flight {unknown}


   Skills:
 + Level 4.8 Fighting
 + Level 4.0 Axes
 + Level 0.5 Slings
 - Level 3.2 Armour
 + Level 0.3 Dodging
 - Level 3.2 Shields


You had 3 spell levels left.
You didn't know any spells.
Your spell library was empty.

Dungeon Overview and Level Annotations

Branches:
Dungeon (2/15)

Altars:

Annotations:
D:2 Sigmund


Message History

Sigmund flickers and vanishes!
Deactivating autopickup; reactivate with Ctrl-A.
A worm comes into view.
Found a dagger.
A magic dart appears from out of thin air!
The magic dart hits you.
You see here an adder skeleton.
The quokka bites you.
You slash the quokka!
You kill the quokka!
You aren't carrying any items that you can evoke.
Unknown command.
Unknown command.
Okay, then.
Something hits you!
You feel very mighty all of a sudden. Something hits you but does no damage.
You see here a quokka corpse.
You hear some strange, mumbled words.
Something tries to affect you, but you resist.
You miss something. Something hits you.
You barely miss something. Something hits you!
You miss something. Something hits you. Something hits you but does no damage.
You slash something! Something hits you but does no damage.
You miss something. You block something's attack.
You completely miss something. Something hits you!
* * * LOW HITPOINT WARNING * * *
You miss something. Something hits you.
* * * LOW HITPOINT WARNING * * *
Your shield prevents you from hitting something.
Something hits you but does no damage.
You closely miss something. You block something's attack.
You slash something! Something hits you but does no damage.
You slash something!
You hear some strange, mumbled words.
You are confused.
Sigmund appears from thin air!
Reactivating autopickup.
Sigmund hits you from afar with a +0 scythe!
You die...

.. ..w. .. . #.# ..?..
.. . ###.#. ..... #.#.
.... ..[... #..#
#.###...... #
#..######..........
##<###..................
..................#.....
.....^.@..........+ ...
.........@........# .
########†#####....# #.##
#....# #..# #....#
#######.####....#
..........##......
..........##.......
..........##.......


You could see Sigmund.

Vanquished Creatures
  An adder (D:2)
  2 dart slugs (D:1)
  6 bats
  2 giant cockroaches (D:1)
  6 goblins
  7 hobgoblins
  7 jackals (D:1)
  5 kobolds
  A quokka (D:2)
  A ball python (D:1)
  3 frilled lizards (D:1)
41 creatures vanquished.

Notes
Turn   | Place    | Note
-------+----------+-------------------------------------------
     0 | D:1      | porpoise the Hill Orc Fighter began the quest for the Orb.
     0 | D:1      | Reached XP level 1. HP: 19/19 MP: 1/1
   167 | D:1      | Reached XP level 2. HP: 21/27 MP: 2/2
   486 | D:1      | Reached XP level 3. HP: 31/34 MP: 3/3
  1245 | D:2      | Reached XP level 4. HP: 15/41 MP: 4/4
  1529 | D:2      | Noticed Sigmund
  1555 | D:2      | HP: 1/41 [something (2)]
  1560 | D:2      | Mangled by Sigmund

Illustrated notes

Levels and vault maps discovered:
D:1:      zelgadis_glass_arrival_small, layout_basic
D:2:      layout_basic, lemuel_crystal_altar, grunt_qazlal_sundering,
          uniq_sigmund

Skill      XL: |  1  2  3 |
---------------+----------+-----
Fighting       | 4 |  4.8
Axes           | 3 4 |  4.0
Slings         | |  0.5
Armour         | |  3.2
Dodging        | |  0.3
Shields        | |  3.2

Action                   |  1- 3 |  4- 6 || total
-------------------------+-------+-------++-------
Melee: War axe           |    79 |    13 ||    92
 Fire: Hunting sling     |    25 |       ||    25
  Use: Potion            |       |     1 ||     1
Armor: Scale mail        |    43 |     5 ||    48
Dodge: Dodged            |    24 |     1 ||    25
Block: Kite shield       |    53 |     3 ||    56

Table legend: (Time is in decaauts)
 A = Elapsed time spent in this place.
 B = Non-inter-level travel time spent in this place.
 C = Inter-level travel time spent in this place.
 D = Time resting spent in this place.
 E = Time spent auto-exploring this place.
 F = Levels seen in this place.
 G = Mean time per level.
                   A        B        C        D        E       F      G
               +--------+--------+--------+--------+--------+-----+--------+
         Total |   1616 |   1592 |     24 |    445 |    815 |   2 |  808.0 |
       Dungeon |   1616 |   1592 |     24 |    445 |    815 |   2 |  808.0 |
               +--------+--------+--------+--------+--------+-----+--------+

Top non-repeatable levels by time:
     D:1: 1137 daAuts
     D:2: 478 daAuts
